 Dungeon Crawl Stone Soup version 0.25.1-2-g60ff931df9 (webtiles) character file.

Game seed: 910560337842530203

6535 Froggeryz the Basher (level 11, -2/66 HPs)
             Began as a Gargoyle Chaos Knight on Sept 12, 2020.
             Was a Plaything of Xom.
             Slain by a porcupine (9 damage)
             ... on level 2 of the Lair of Beasts.
             The game lasted 00:21:26 (7713 turns).

Froggeryz the Basher (Gargoyle Chaos Knight)        Turns: 7713, Time: 00:21:27

Health: -2/66      AC: 13    Str: 18    XL:     11   Next: 1%
Magic:  11/11      EV: 11    Int: 13    God:    Xom [...*..]
Gold:   464        SH:  0    Dex: 12    Spells: 10/10 levels left

rFire    . . .     SeeInvis .   g - +0 whip (venom)
rCold    + . .     Gourm    .   (no shield)
rNeg     + . .     Faith    .   y - +0 leather armour {rC+}
rPois    ∞         Spirit   .   (no helmet)
rElec    +         Reflect  .   (no cloak)
rCorr    .         Harm     .   C - +1 pair of gloves
MR       .....     Rnd*Tele +   j - +0 pair of boots
Stlth    +.........             m - amulet of regeneration
HPRegen  0.61/turn              e - ring of flight
MPRegen  0.12/turn              (no ring)

@: slowed, very slow
A: agile 1, blink, blurry vision 1, deformed body, low mp 1, negative energy
resistance 1, screaming 2, electricity resistance, teleportitis 1, unbreathing,
petrification resistance, rot immunity, AC +8
a: Blink, Renounce Religion, Evoke Flight


You were on level 2 of the Lair of Beasts.
You worshipped Xom.
You were a favourite toy of Xom.
You were near starving.

You visited 2 branches of the dungeon, and saw 10 of its levels.
You also visited: Sewer and Ice Cave.

You collected 464 gold pieces.

Inventory:

Hand Weapons
 g - a +0 whip of venom (weapon)
 p - a +2 executioner's axe of freezing
 u - a +1 whip of electrocution
Missiles
 I - 3 throwing nets (quivered)
Armour
 j - a +0 pair of boots (worn)
 y - a +0 leather armour of cold resistance (worn)
 C - a +1 pair of gloves (worn)
Jewellery
 e - a ring of flight (left hand)
 m - an amulet of regeneration (around neck)
 A - an uncursed ring of fire
Wands
 l - a wand of polymorph (8)
Scrolls
 a - a scroll of amnesia {unknown}
 b - a scroll of enchant weapon
 d - 5 scrolls of identify
 f - a scroll of magic mapping
 i - a scroll of teleportation
 o - a scroll of fear {unknown}
 D - a scroll of noise {unknown}
 G - 2 scrolls of remove curse
 H - a scroll of torment {unknown}
 K - a scroll of immolation {unknown}
Potions
 h - a potion of ambrosia
 k - 2 potions of degeneration
 n - 2 potions of brilliance
 q - 3 potions of resistance
 r - a potion of berserk rage {unknown}
 s - a potion of magic {unknown}
 v - a potion of flight {unknown}
 x - 2 potions of stabbing
 z - 2 potions of might {unknown}
 B - a potion of haste {unknown}
 E - a potion of mutation {unknown}
 F - a potion of lignification {unknown}
Comestibles
 c - 23 rations


   Skills:
 + Level 6.6 Fighting
 - Level 14.6 Maces & Flails
 + Level 3.0 Armour
 - Level 0.7 Dodging
 - Level 2.3 Evocations


You had 10 spell levels left.
You didn't know any spells.
Your spell library contained the following spells:

 Spells                   Type           Power        Failure   Level  Hunger
 Foxfire                  Conj/Fire      #...         36%         1    ##.....
 Cause Fear               Hex            #.........   98%         4    #####..
 Dragon Form              Tmut           #.........   100%        7    #######
 Dragon's Call            Summ           #.........   100%        9    #######


Dungeon Overview and Level Annotations

Branches:
Dungeon (8/15)             Temple (0/1) D:4            Lair (2/6) D:8
  Sewer (visited)           IceCv (visited)
  Swamp: Lair:2-4    Shoals: Lair:2-4     Snake: Lair:2-4    Spider: Lair:2-4

Altars:
Dithmenos
Fedhas
Gozag
Makhleb
Nemelex Xobeh
Ru
Vehumet
Wu Jian

Shops:
D:5 [   D:8 *

Annotations:
Lair:2 Erica


Innate Abilities, Weirdness & Mutations

You are resistant to torment.
Your stone body is resilient. (AC +8)
You are immune to poison.
You resist negative energy. (rN+)
You are resistant to electric shocks. (rElec)
You can survive without breathing.
You are immune to petrification.
You are immune to rotting.
You are agile. (Dex +2)
You can translocate small distances at will.
Scrolls take you a little longer to read.
Armour fits poorly on your strangely shaped body.
Your magical capacity is low. (-10% MP)
You sometimes yell uncontrollably at your foes.
You are occasionally teleported next to monsters.


Message History

* * * LOW HITPOINT WARNING * * *
The porcupine bites you but does no damage.
The water moccasin barely misses you.
The black bear bites you but does no damage.
The black bear closely misses you. The black bear barely misses you.
Okay, then.
Okay, then.
Evoke which item? (* to show all) (? for menu, Esc to quit)
Okay, then.
The bullfrog closely misses you. The bullfrog misses you.
The water moccasin bites you.
* * * LOW HITPOINT WARNING * * *
You hit the bullfrog.
The bullfrog is poisoned.
The bullfrog is lightly wounded.
The bullfrog closely misses you.
The water moccasin bites you but does no damage.
The bullfrog hits you but does no damage.
The porcupine bites you!
You die...
Xom is highly amused!

##..........#
....#......##
.D#...[.....##
........?....#
..........#.##
#....P......
#........#.#
##rS........#
#P@Fh...##.####
####.......#P.#
#..........#
#...........#
#...#.....##.#####
####.......#.....#
#.............#
##.###.........
####...#......


You could see a water moccasin, a black bear, a bullfrog (very poisoned) and a
porcupine.

Vanquished Creatures
  An ice statue (IceCv)
  3 rime drakes (Lair:1)
  An ice devil (IceCv)
  A wind drake (Lair:1)
  3 hippogriffs
  6 yaks (Lair:1)
  A water moccasin (D:8)
  3 porcupines (Lair:1)
  2 orc warriors (D:7)
  A black bear (D:6)
  An ice beast (D:3)
  4 ogres (D:8)
  3 wolves (Lair:2)
  A necrophage (D:6)
  A crocodile (Lair:1)
  5 bullfrogs
  2 big kobolds (Sewer)
  A wyvern skeleton (D:6)
  A scorpion (D:8)
  6 killer bees (D:4)
  2 wights (D:8)
  A bullfrog zombie (D:7)
  2 orc priests
  5 hounds
  4 orc wizards
  2 centaur skeletons (D:8)
  An iguana (D:6)
  2 worker ants
  A killer bee zombie (D:6)
  A howler monkey skeleton (D:8)
  9 adders
  3 shadow imps
  4 white imps (IceCv)
  4 ufetubi (IceCv)
  An ooze (Sewer)
  An adder zombie (D:5)
  An adder skeleton (D:4)
  2 worms (D:3)
  A dart slug (D:1)
  9 leopard geckos
  18 orcs
  4 ball pythons
  9 giant cockroaches
  3 goblins (D:1)
  4 hobgoblins
  5 jackals
  5 quokkas
  11 bats
  7 frilled lizards
  A giant cockroach zombie (D:6)
  18 kobolds
  16 rats
  A plant (D:2)
205 creatures vanquished.

Vanquished Creatures (collateral kills)
  A two-headed ogre (D:8)
  A bullfrog (Lair:1)
  2 wights (D:8)
  An orc wizard (D:4)
  3 adders (D:2)
  A white imp (IceCv)
  A worm (D:2)
  A giant cockroach (D:4)
  A hobgoblin (D:2)
  2 jackals (D:4)
  2 rats (D:2)
16 creatures vanquished.

Vanquished Creatures (others)
  4 white imps (IceCv)
  6 ufetubi (IceCv)
  A goblin (D:1)
11 creatures vanquished.

Grand Total: 232 creatures vanquished

Notes
Turn   | Place    | Note
-------+----------+-------------------------------------------
     0 | D:1      | Froggeryz the Gargoyle Chaos Knight began the quest for the
                  | Orb.
     0 | D:1      | Reached XP level 1. HP: 14/14 MP: 1/1
    98 | D:1      | Reached XP level 2. HP: 18/19 MP: 2/2
   405 | D:1      | XOM: divination: detect creatures
   520 | D:1      | Reached XP level 3. HP: 24/24 MP: 3/3
   823 | D:2      | XOM: draining
   922 | D:2      | XOM: cast spell 'Monstrous Menagerie'
   926 | D:2      | Reached skill level 4 in Maces & Flails
  1000 | D:2      | Reached XP level 4. HP: 29/29 MP: 4/4
  1030 | D:2      | Found a radiant altar of Vehumet.
  1030 | D:2      | Found a shadowy altar of Dithmenos.
  1038 | D:2      | XOM: draining
  1039 | D:2      | Found a blossoming altar of Fedhas.
  1124 | D:2      | Noticed a shapeshifter
  1124 | D:2      | a worm changed into a shapeshifter
  1124 | D:2      | XOM: polymorph worm -> shapeshifter
  1124 | D:2      | Noticed a komodo dragon
  1124 | D:2      | a shapeshifter changed into a komodo dragon
  1126 | D:2      | Noticed a polar bear
  1126 | D:2      | a komodo dragon changed into a polar bear
  1128 | D:2      | XOM: butterfly on damage
  1130 | D:2      | XOM: polymorph butterfly -> bat
  1145 | D:2      | Noticed an eye of draining
  1145 | D:2      | a polar bear changed into an eye of draining
  1148 | D:2      | XOM: summons 3 hostile demons
  1175 | D:1      | XOM: give mutation
  1175 | D:1      | Gained mutation: Scrolls take you a little longer to read.
                  | [Xom's mischief]
  1239 | D:2      | XOM: summons 1 hostile shadow creature
  1250 | D:2      | Noticed a queen bee
  1251 | D:2      | Noticed a polar bear
  1251 | D:2      | a queen bee changed into a polar bear
  1257 | D:3      | Noticed an ice beast
  1268 | D:3      | XOM: noise
  1271 | D:3      | XOM: noise
  1279 | D:3      | Killed an ice beast
  1279 | D:3      | Reached skill level 5 in Maces & Flails
  1279 | D:3      | Reached XP level 5. HP: 27/34 MP: 5/5
  1400 | D:3      | Found a glowing drain.
  1404 | Sewer    | Entered a sewer
  1553 | Sewer    | XOM: smoke on damage
  1576 | Sewer    | Noticed a big kobold
  1580 | Sewer    | XOM: fog
  1590 | Sewer    | Killed a big kobold
  1590 | Sewer    | Reached skill level 5 in Fighting
  1590 | Sewer    | Reached XP level 6. HP: 31/40 MP: 6/6
  1780 | Sewer    | Reached skill level 6 in Maces & Flails
  2399 | D:4      | Reached XP level 7. HP: 43/44 MP: 7/7
  2472 | D:4      | XOM: summons 4 hostile demons
  2643 | D:4      | Reached skill level 7 in Maces & Flails
  2657 | D:4      | XOM: noise
  2669 | D:4      | XOM: summons friendly white imp
  2901 | D:4      | Found a sparkling altar of Nemelex Xobeh.
  2923 | D:4      | Found a staircase to the Ecumenical Temple.
  3079 | D:5      | Entered Level 5 of the Dungeon
  3097 | D:5      | Found a burning altar of Makhleb.
  3335 | D:5      | Reached XP level 8. HP: 51/51 MP: 8/8
  3490 | D:5      | Found Loxiskaa's Antique Armour Emporium.
  3556 | D:5      | XOM is BORED!
  3734 | D:6      | Found a sacrificial altar of Ru.
  3794 | D:6      | Reached skill level 8 in Maces & Flails
  3794 | D:6      | Reached skill level 1 in Evocations
  3857 | D:6      | XOM: confuse monster(s)
  3861 | D:6      | Noticed a glowing shapeshifter
  3861 | D:6      | XOM: polymorph something unseen -> glowing shapeshifter
  3861 | D:6      | Noticed a faun
  3861 | D:6      | a glowing shapeshifter changed into a faun
  3862 | D:6      | Noticed a cyclops
  3862 | D:6      | a faun changed into a cyclops
  3865 | D:6      | Noticed a moth of wrath
  3865 | D:6      | a cyclops changed into a moth of wrath
  3870 | D:6      | XOM: summons 1 hostile demon
  3871 | D:6      | Noticed a shock serpent
  3871 | D:6      | a moth of wrath changed into a shock serpent
  3873 | D:6      | XOM: summons 1 hostile demon
  3877 | D:6      | a shock serpent changed into a swamp worm
  3915 | D:6      | Noticed a death yak
  4246 | D:6      | XOM: swap monsters
  4365 | D:6      | XOM: noise
  4423 | D:7      | XOM: noise
  4479 | D:7      | Found an ornate altar of the Wu Jian Council.
  4490 | D:7      | XOM: stat loss: -1 Int (9/13)
  4552 | D:7      | XOM: enchant monster (bad)
  4554 | D:7      | Reached skill level 9 in Maces & Flails
  4556 | D:7      | XOM: draining
  4582 | D:7      | XOM: stat loss: -1 Dex (6/10)
  4595 | D:7      | HP: 1/51 [orc warrior/+0 trident (14)]
  4608 | D:7      | XOM: repel stairs
  4627 | D:7      | XOM: enchant monster (good)
  4762 | D:7      | XOM: give mutations
  4762 | D:7      | Gained mutation: Armour fits poorly on your strangely
                  | shaped body. [Xom's mischief]
  4762 | D:7      | Gained mutation: Scrolls take you longer to read. [Xom's
                  | mischief]
  4762 | D:7      | Gained mutation: You can translocate small distances at
                  | will. [Xom's mischief]
  5006 | D:7      | XOM: enchant monster (good)
  5083 | D:8      | Reached XP level 9. HP: 50/55 MP: 10/10
  5084 | D:8      | Found an opulent altar of Gozag.
  5088 | D:8      | Found Gozag's Platinum Reserve.
  5121 | D:8      | Reached skill level 10 in Maces & Flails
  5171 | D:8      | XOM: confusion (+ monsters)
  5410 | D:8      | Found a staircase to the Lair.
  5460 | D:8      | XOM: give mutation
  5487 | D:8      | XOM: silly message
  5737 | D:8      | XOM: confuse monster(s)
  5739 | D:8      | Reached skill level 11 in Maces & Flails
  5808 | D:8      | XOM: enchant monster (good)
  5818 | D:8      | XOM: divination: magic mapping
  5823 | D:8      | XOM: cast spell 'Monstrous Menagerie'
  5853 | D:8      | Noticed a two-headed ogre
  5856 | D:8      | XOM: potion effect (stabbing)
  5858 | D:8      | Killed a two-headed ogre
  5946 | Lair:1   | XOM: stealth player
  5946 | Lair:1   | Entered Level 1 of the Lair of Beasts
  5955 | Lair:1   | Reached skill level 12 in Maces & Flails
  5964 | Lair:1   | XOM: enchant monster (good)
  5966 | Lair:1   | XOM: summons friendly crimson imp
  6018 | Lair:1   | Noticed a rime drake
  6019 | Lair:1   | XOM: cleaving
  6027 | Lair:1   | Killed a rime drake
  6027 | Lair:1   | Reached XP level 10. HP: 55/60 MP: 11/11
  6050 | Lair:1   | XOM: cast spell 'Summon Ice Beast'
  6076 | Lair:1   | Found a frozen archway.
  6080 | Lair:1   | XOM: butterfly on damage
  6084 | Lair:1   | Reached skill level 13 in Maces & Flails
  6102 | IceCv    | Entered an ice cave
  6181 | IceCv    | XOM: summons 4 friendly demons
  6249 | IceCv    | Noticed an ice statue
  6249 | IceCv    | Noticed an ice statue
  6306 | IceCv    | XOM: enchant monster (good)
  6394 | IceCv    | XOM: potion effect (might)
  6399 | IceCv    | Killed an ice statue
  6399 | IceCv    | XOM: potion effect (invisibility)
  6411 | IceCv    | XOM: summons 6 hostile demons
  6412 | IceCv    | Noticed a sixfirhy
  6412 | IceCv    | Noticed an orange demon
  6413 | IceCv    | XOM: confusion
  6415 | IceCv    | XOM: summons 4 hostile shadow creatures
  6425 | IceCv    | HP: 3/60 [ufetubus[Xom] (2)]
  6520 | IceCv    | XOM: swap monsters
  6525 | IceCv    | XOM: give mutations
  6525 | IceCv    | Gained mutation: You are agile. (Dex +2) [Xom's mischief]
  6525 | IceCv    | Gained mutation: You occasionally shout uncontrollably at
                  | your foes. [Xom's mischief]
  6525 | IceCv    | XOM: butterfly on damage
  6544 | IceCv    | XOM: give mutations
  6544 | IceCv    | Gained mutation: You sometimes yell uncontrollably at your
                  | foes. [Xom's mischief]
  6544 | IceCv    | Lost mutation: Scrolls take you longer to read. [Xom's
                  | mischief]
  6544 | IceCv    | Gained mutation: Your magical capacity is low. (-10% MP)
                  | [Xom's mischief]
  6544 | IceCv    | Gained mutation: You are occasionally teleported next to
                  | monsters. [Xom's mischief]
  6609 | IceCv    | XOM: noise
  6615 | IceCv    | XOM: confusion
  6619 | IceCv    | XOM: confusion
  6621 | IceCv    | XOM: 1-stop teleportation journey
  6622 | IceCv    | Noticed a reaper
  6624 | IceCv    | XOM: enchant monster (good)
  6867 | Lair:1   | XOM: stat loss: -1 Str (17/18)
  6977 | Lair:1   | XOM: blink monster(s)
  6989 | Lair:1   | XOM: swap monsters
  7003 | Lair:1   | Reached skill level 14 in Maces & Flails
  7005 | Lair:1   | HP: 1/60 [yak (4)]
  7030 | Lair:1   | XOM: divination: magic mapping
  7033 | Lair:1   | XOM: cast spell 'Alistair's Intoxication'
  7216 | Lair:1   | Noticed a spiny frog
  7224 | Lair:1   | XOM: confusion (+ monsters)
  7235 | Lair:1   | a spiny frog changed into a wind drake
  7235 | Lair:1   | XOM: polymorph spiny frog -> wind drake
  7238 | Lair:1   | XOM: silly message
  7239 | Lair:1   | XOM: chaos cloud
  7650 | Lair:2   | XOM: 1-stop teleportation journey
  7657 | Lair:2   | Noticed Erica
  7690 | Lair:2   | Reached XP level 11. HP: 33/66 MP: 11/11
  7703 | Lair:2   | XOM: repel stairs
  7710 | Lair:2   | Noticed a seven-headed hydra
  7713 | Lair:2   | Slain by a porcupine

Illustrated notes

Levels and vault maps discovered:
D:1:      eino_arrival_cavern_d, layout_basic, serial_curves, eino_curves_02,
          eino_curves_02, minmay_box_of_dots
D:2:      layout_rooms, gammafunk_temple_overflow_forgotten
D:3:      layout_loops_cross, gup_sewer_entry_bowl
D:4:      layout_basic, nicolae_overflow_crystal_walls, temple_doors_e,
          first_ration
D:5:      layout_loops_ring, kennysheep_mini, serial_shops, shop
D:6:      layout_loops_ring, lemuel_coloured_pillars_altar, minmay_lizard_king
D:7:      layout_rooms, lemuel_crystal_altar, serial_corexii_hall,
          corexii_hall_statues_u, chequers_hall_statues_wall_a
D:8:      layout_gridville, nicolae_gozag_zags_fifth_avenue, lair_entry_dummy
Lair:1:   layout_cave_pods, portal_ice_cave_rime, minmay_stone_trees_small,
          eino_small_chamber_without_monster, minivault_25,
          chequers_serial_rivers_small_b
Lair:2:   layout_cave_shapes, chequers_serial_rivers_large_b,
          beast_lair_carwin_5, uniq_erica

Skill      XL: |  1  2  3  4  5  6  7  8  9 10 |
---------------+-------------------------------+-----
Maces & Flails | 4 5 6 7 9 12 14 | 14.6
Fighting       | 4 5 6 |  6.6
Evocations     | 2 |  2.3
Armour         | 3 |  3.0
Dodging        | |  0.7

Action                   |  1- 3 |  4- 6 |  7- 9 | 10-12 || total
-------------------------+-------+-------+-------+-------++-------
Melee: Mace              |    17 |       |       |       ||    17
       Whip              |    82 |   222 |   468 |   319 ||  1091
Evoke: Wand              |       |       |       |     1 ||     1
  Use: Scroll            |       |       |     9 |     2 ||    11
       Potion            |       |       |     6 |     7 ||    13
 Stab: Paralysed         |     1 |       |       |       ||     1
       Petrified         |       |       |     3 |       ||     3
       Betrayed ally     |       |       |     1 |       ||     1
       Sleeping          |       |       |     1 |       ||     1
       Invisible         |       |       |       |    13 ||    13
  Eat: Chunk             |       |     5 |    12 |     4 ||    21
Armor: Leather armour    |    52 |   110 |   207 |   144 ||   513
Dodge: Dodged            |    82 |   162 |   264 |   195 ||   703
